 Dungeon Crawl Stone Soup version 0.21.0-3-g78d12a8 (webtiles) character file.

5381 MTVSty1e the Cruncher (level 10, -9/58 HPs)
             Began as a Gargoyle Gladiator on Jan 17, 2018.
             Mangled by a two-headed ogre
             ... wielding a +0 giant club
              (17 damage)
             ... on level 9 of the Dungeon.
             The game lasted 00:11:50 (7133 turns).

MTVSty1e the Cruncher (Gargoyle Gladiator)          Turns: 7133, Time: 00:11:51

Health: -9/58      AC: 19    Str: 22    XL:     10   Next: 66%
Magic:  10/10      EV: 11    Int:  8    God:
Gold:   387        SH:  0    Dex: 11    Spells: 9/9 levels left

rFire    + . .     SeeInvis .   a - +1 quarterstaff
rCold    + . .     Gourm    .   (shield currently unavailable)
rNeg     + . .     Faith    .   s - +1 scale mail
rPois    ∞         Spirit   .   c - +0 helmet
rElec    +         Reflect  .   e - scarf {rC+ rF+}
rCorr    .         Harm     .   p - +1 pair of gloves
MR       .....                  H - +0 pair of boots
Stlth    ..........             (no amulet)
HPRegen  0.19/turn              D - ring of flight
MPRegen  0.12/turn              (no ring)

@: no status effects
A: negative energy resistance 1, electricity resistance, unbreathing,
petrification resistance, rot immunity, AC +7
a: Evoke Flight


You were on level 9 of the Dungeon.
You were not hungry.

You visited 1 branch of the dungeon, and saw 9 of its levels.
You also visited: Sewer.

You collected 387 gold pieces.

Inventory:

Hand Weapons
 a - a +1 quarterstaff (weapon)
Missiles
 d - 3 throwing nets (quivered)
Armour
 c - a +0 helmet (worn)
 e - a scarf of resistance (worn)
 p - a +1 pair of gloves (worn)
 s - a +1 scale mail (worn)
 H - a +0 pair of boots (worn)
Jewellery
 w - an uncursed amulet of harm
 D - a ring of flight (left hand)
 J - an uncursed ring of ice
Wands
 b - a wand of flame (21)
 l - a wand of scattershot (6)
 t - a wand of random effects (38)
 y - a wand of enslavement (16)
 C - a wand of polymorph (8)
Scrolls
 g - 2 scrolls of blinking
 h - 2 scrolls of remove curse
 k - 2 scrolls of magic mapping
 u - 4 scrolls of enchant armour
 v - 3 scrolls of teleportation
 x - a scroll of enchant weapon
 A - 2 scrolls of amnesia {unknown}
 G - a scroll of brand weapon {unknown}
 I - a scroll of silence {unknown}
Potions
 i - a potion of mutation {unknown}
 j - a potion of heal wounds
 m - 2 potions of degeneration {unknown}
 n - a potion of invisibility {unknown}
 o - a potion of lignification {unknown}
 q - a potion of cancellation {unknown}
 r - 2 potions of curing {unknown}
 z - a potion of magic {unknown}
 B - 2 potions of agility {unknown}
 E - a potion of resistance {unknown}
Books
 F - Sif Muna's Catalogue of Stones and Combat Magic
   (You found it on level 8 of the Dungeon)

   Spells                             Type                      Level
   a - Magic Dart                     Conjuration                  1
   b - Sandblast                      Earth                        1
   c - Stone Arrow                    Conjuration/Earth            3
   d - Petrify                        Transmutation/Earth          4
   e - Bolt of Draining               Conjuration/Necromancy       5
   f - Iron Shot                      Conjuration/Earth            6
Comestibles
 f - 13 rations


   Skills:
 * Level 4.7 Fighting
 + Level 14.2 Staves
 - Level 1.7 Throwing
 + Level 2.6 Armour
 + Level 3.3 Dodging


You had 9 spell levels left.
You didn't know any spells.

Dungeon Overview and Level Annotations

Branches:
Dungeon (9/15)             Temple (0/1) D:7
   Lair: D:8-11         Orc: D:9-12

Altars:
Elyvilon
Gozag
Nemelex Xobeh
Qazlal
Vehumet
Xom

Shops:
D:7 =


Innate Abilities, Weirdness & Mutations

You are resistant to torment.
Your stone body is resilient. (AC +7)
You are immune to poison.
You resist negative energy. (rN+)
You are resistant to electric shocks. (rElec)
You can survive without breathing.
You are immune to petrification.
You are immune to rotting.


Message History

You hit the two-headed ogre.
The two-headed ogre is severely wounded.
The quokka bites you but does no damage.
You barely miss the two-headed ogre.
The two-headed ogre is severely wounded.
The two-headed ogre hits you with a giant club.
* * * LOW HITPOINT WARNING * * *
The two-headed ogre hits you with a giant club.
* * * LOW HITPOINT WARNING * * *
You hit the two-headed ogre but do no damage.
The two-headed ogre is severely wounded.
The quokka misses you.
You barely miss the two-headed ogre.
The two-headed ogre is severely wounded.
The quokka bites you but does no damage.
You barely miss the two-headed ogre.
The two-headed ogre is severely wounded.
The two-headed ogre completely misses you.
The two-headed ogre hits you with a giant club!
You die...

#######
#.....#
#r@...#
#..O..#
#+#####


You could see a two-headed ogre and a quokka.

Vanquished Creatures
  A two-headed ogre (D:8)
  The ghost of Tovarisch the Ruffian, a novice TrMo of Wu Jian (D:7)
  Pikel (D:5)
  Maurice (D:8)
  Grinder (D:3)
  Sigmund (D:5)
  A wyvern (D:8)
  Menkaure (D:5)
  2 orc warriors (D:6)
  2 ice beasts
  A sky beast (D:6)
  A phantom (D:6)
  3 centaurs
  A crocodile (Sewer)
  A wyvern skeleton (D:8)
  3 scorpions
  4 killer bees (D:8)
  3 crimson imps
  A centaur zombie (D:8)
  2 quasits
  6 hounds
  6 orc priests
  3 bullfrog skeletons
  An iguana (D:6)
  9 orc wizards
  8 worker ants
  A worker ant zombie (D:3)
  8 gnolls (D:3)
  9 adders
  A river rat (D:5)
  2 shadow imps (D:6)
  2 oozes
  An adder skeleton (D:5)
  5 worms
  2 dart slugs
  7 leopard geckos
  33 orcs
  3 giant cockroaches
  7 goblins
  8 hobgoblins
  15 jackals
  4 quokkas
  A ball python (D:1)
  8 bats
  3 frilled lizards
  A giant cockroach zombie (D:6)
  A jackal skeleton (D:4)
  8 kobolds
  A quokka skeleton (D:5)
  9 rats
205 creatures vanquished.

Vanquished Creatures (others)
  A slave (D:5)
  A rat (D:5)
  A plant (D:8)
3 creatures vanquished.

Grand Total: 208 creatures vanquished

Notes
Turn   | Place    | Note
-------+----------+-------------------------------------------
     0 | D:1      | MTVSty1e the Gargoyle Gladiator began the quest for the Orb.
     0 | D:1      | Reached XP level 1. HP: 12/12 MP: 1/1
   123 | D:1      | Reached XP level 2. HP: 12/17 MP: 2/2
   379 | D:1      | Reached skill level 4 in Staves
   571 | D:1      | Reached XP level 3. HP: 21/21 MP: 3/3
   864 | D:2      | Found a shimmering altar of Xom.
  1055 | D:2      | Found a sparkling altar of Nemelex Xobeh.
  1117 | D:2      | Reached XP level 4. HP: 18/26 MP: 4/4
  1539 | D:2      | Reached skill level 5 in Staves
  1809 | D:3      | Reached XP level 5. HP: 22/30 MP: 5/5
  1879 | D:3      | Noticed Grinder
  1886 | D:3      | Reached skill level 6 in Staves
  1901 | D:3      | Paralysed by Grinder for 3 turns
  1906 | D:3      | Killed Grinder
  1906 | D:3      | Reached skill level 7 in Staves
  1906 | D:3      | Reached XP level 6. HP: 31/35 MP: 6/6
  2283 | D:3      | Reached XP level 7. HP: 36/40 MP: 7/7
  2636 | D:4      | Reached skill level 8 in Staves
  2739 | D:4      | Found a white marble altar of Elyvilon.
  2888 | D:5      | Entered Level 5 of the Dungeon
  2911 | D:5      | Noticed Pikel
  3210 | D:5      | Killed Pikel
  3210 | D:5      | Reached skill level 10 in Staves
  3210 | D:5      | Reached XP level 8. HP: 35/44 MP: 8/8
  3235 | D:5      | Found a glowing drain.
  3262 | Sewer    | Entered a sewer
  3634 | D:5      | Noticed Sigmund
  3643 | D:5      | Killed Sigmund
  3643 | D:5      | Reached skill level 11 in Staves
  3656 | D:5      | Found an opulent altar of Gozag.
  3875 | D:5      | Noticed Menkaure
  3890 | D:5      | Killed Menkaure
  3890 | D:5      | Reached XP level 9. HP: 26/48 MP: 9/9
  4497 | D:6      | Reached skill level 12 in Staves
  5492 | D:7      | Found Exoeleen's Jewellery Shop.
  5724 | D:7      | Noticed Tovarisch's ghost (novice TrMo)
  5892 | D:7      | Killed Tovarisch's ghost
  5892 | D:7      | Reached skill level 13 in Staves
  5892 | D:7      | Reached XP level 10. HP: 53/53 MP: 10/10
  6098 | D:7      | Found a radiant altar of Vehumet.
  6100 | D:7      | Found a stormy altar of Qazlal.
  6366 | D:7      | Reached skill level 14 in Staves
  6506 | D:7      | Found a staircase to the Ecumenical Temple.
  6725 | D:8      | Identified Sif Muna's Catalogue of Stones and Combat Magic
  6754 | D:8      | Noticed a two-headed ogre
  6766 | D:8      | Noticed Maurice
  6770 | D:8      | Killed a two-headed ogre
  6770 | D:8      | Reached skill level 1 in Armour
  6796 | D:8      | Killed Maurice
  7096 | D:8      | Noticed a two-headed ogre
  7133 | D:9      | Mangled by a two-headed ogre

Skill      XL: |  1  2  3  4  5  6  7  8  9 10 |
---------------+-------------------------------+-----
Staves         | 4 5 7 10 11 13 14 | 14.2
Fighting       | 4 |  4.7
Armour         | 2 |  2.6
Dodging        | 3 |  3.3
Throwing       | |  1.7

Action                   |  1- 3 |  4- 6 |  7- 9 | 10-12 || total
-------------------------+-------+-------+-------+-------++-------
Melee: Quarterstaff      |   114 |   182 |   399 |   220 ||   915
  Use: Scroll            |       |       |    11 |       ||    11
       Potion            |       |       |     2 |     2 ||     4
 Stab: Sleeping          |     1 |       |       |       ||     1
  Eat: Chunk             |       |     4 |     6 |     2 ||    12
       Ration            |       |       |     2 |     1 ||     3
Armor: Leather armour    |    65 |    25 |       |       ||    90
       Scale mail        |       |    77 |   216 |   129 ||   422
Dodge: Dodged            |    85 |   103 |   205 |   117 ||   510
